 Dungeon Crawl Stone Soup version 0.29.1-12-g30fa7ad0bf (webtiles) character file.

Game seed: 15815373846240047569

436 KittyFluff the Cudgeller (level 7, 0/44 HPs)
             Began as a Gargoyle Berserker on Jan 15, 2023.
             Was a Priest of Trog.
             Slain by an ogre
             ... wielding a +0 giant club
              (15 damage)
             ... on level 4 of the Dungeon.
             The game lasted 00:13:43 (3511 turns).

KittyFluff the Cudgeller (Gargoyle Berserker)       Turns: 3511, Time: 00:13:44

Health: 0/44       AC:  9    Str: 20    XL:     7   Next: 1%
Magic:  7/7        EV: 12    Int:  8    God:    Trog [***...]
Gold:   109        SH:  0    Dex: 11    Spells: 6/6 levels left

rFire   . . .      SeeInvis .   a - +0 mace
rCold   . . .      Faith    .   (no shield)
rNeg    + . .      Spirit   .   f - +0 leather armour
rPois   ∞          Reflect  .   w - +0 helmet
rElec   +          Harm     .   (no cloak)
rCorr   .          Rampage  .   (no gloves)
Will    .....                   (no boots)
Stlth   +.........              e - amulet of regeneration
HPRegen 0.94/turn               (no ring)
MPRegen 0.10/turn               (no ring)

@: no status effects
A: sickness immunity, AC +4, negative energy resistance 1, electricity
resistance, torment resistance 1, petrification resistance
a: Renounce Religion, Berserk, Trog's Hand


You were on level 4 of the Dungeon.
You worshipped Trog.
Trog was most pleased with you.
You visited 1 branch of the dungeon, and saw 4 of its levels.

You collected 109 gold pieces.

Inventory:

Hand Weapons
 a - a +0 mace (weapon)
 o - a +0 sling
Missiles
 h - 53 stones (quivered)
 t - 6 poisoned darts
 v - 4 atropa-tipped darts
Armour
 f - a +0 leather armour (worn)
 p - a +0 ring mail
 w - a +0 helmet (worn)
Jewellery
 b - a ring of ice
 e - an amulet of regeneration (around neck)
Wands
 r - a wand of mindburst (8)
Scrolls
 g - a scroll of silence {unknown}
 i - 2 scrolls of teleportation {unknown}
 j - 2 scrolls of immolation {unknown}
 m - 3 scrolls of amnesia {unknown}
 n - 2 scrolls of identify {unknown}
 s - a scroll of enchant armour {unknown}
Potions
 c - a potion of lignification {unknown}
 d - 2 potions of brilliance {unknown}
 k - 2 potions of heal wounds {unknown}
 l - a potion of degeneration {unknown}
 q - 3 potions of curing {unknown}
 u - a potion of ambrosia {unknown}
 x - a potion of haste {unknown}


   Skills:
 + Level 4.5 Fighting
 * Level 4.9 Maces & Flails
 * Level 4.7 Armour
 + Level 2.9 Dodging


You had 6 spell levels left.
You didn't know any spells.
Your spell library was empty.

Dungeon Overview and Level Annotations

Branches:
Dungeon (4/15)
 Temple: D:4-7

Altars:
Sif Muna


Innate Abilities, Weirdness & Mutations

You are immune to sickness and miasma.
Your stone body is resilient. (AC +4)
You are immune to poison.
You resist negative energy. (rN+)
You are resistant to electric shocks. (rElec)
You are resistant to unholy torment.
You are immune to petrification.


Message History

The hound closely misses you. The hound bites you.
You barely miss the hound.
The hound is moderately wounded.
The hound completely misses you. The hound bites you.
You barely miss the hound.
The hound is moderately wounded.
The hound bites you but does no damage.
You hit the hound.
The hound is heavily wounded.
The hound barely misses you. The hound bites you but does no damage.
You hit the hound but do no damage.
The hound is heavily wounded.
The hound bites you but does no damage. The hound bites you.
You completely miss the hound. You punch the hound, but do no damage.
The hound is heavily wounded.
The hound bites you. The hound barely misses you.
You hit the hound.
The hound is heavily wounded.
The hound bites you but does no damage.
You thump the hound!
You kill the hound!
Trog accepts your kill.
You have reached level 7!
You see here a hound corpse.
An ogre comes into view. It is wielding a +0 giant club.
The ogre barely misses you.
You hit the ogre.
The ogre is lightly wounded.
You hit the ogre.
The ogre is moderately wounded.
The ogre hits you with a +0 giant club!!
Ouch! That really hurt!
* * * LOW HITPOINT WARNING * * *
You sock the ogre!
The ogre is heavily wounded.
The ogre closely misses you.
You sock the ogre!
The ogre is almost dead.
The ogre hits you with a +0 giant club!
You die...

#.......# #...# ..
#.......###.#.#
#.###.......##....#
...##........#..#..
#..##........#..#.#
#..##.............#
..##.......##.....
#O###.......#.####
#@# #.#####.#.#
#.###.........#
#........##.###
#.###....##.#
#.##........#
#....#..###.#
#.####..###.# ##
#.####...†..#####.
#.......######....


You could see an ogre.

Vanquished Creatures
  Sigmund (D:3)
  A phantom (D:4)
  A hound (D:4)
  Natasha (twice) (D:3)
  Robin (D:3)
  5 adders
  A worm (D:4)
  4 bats
  4 endoplasms
  8 giant cockroaches
  13 goblins
  11 hobgoblins
  6 jackals
  A quokka (D:2)
  5 ball pythons
  3 frilled lizards
67 creatures vanquished.

Vanquished Creatures (others)
  A goblin (D:3)
1 creature vanquished.

Grand Total: 68 creatures vanquished

Notes
Turn   | Place    | Note
-------+----------+-------------------------------------------
     0 | D:1      | KittyFluff the Gargoyle Berserker began the quest for the
                  | Orb.
     0 | D:1      | Reached XP level 1. HP: 14/14 MP: 1/1
   317 | D:1      | Found a faded altar of an unknown god.
   355 | D:1      | Reached XP level 2. HP: 19/19 MP: 2/2
  1246 | D:2      | Found a shimmering blue altar of Sif Muna.
  1595 | D:2      | Reached XP level 3. HP: 23/23 MP: 3/3
  1786 | D:2      | Reached ** piety under Trog
  2178 | D:3      | Reached XP level 4. HP: 29/29 MP: 4/4
  2366 | D:3      | Noticed Natasha
  2376 | D:3      | Killed Natasha
  2601 | D:3      | Noticed Sigmund
  2610 | D:3      | Killed Sigmund
  2611 | D:3      | Reached XP level 5. HP: 28/34 MP: 5/5
  2611 | D:3      | Reached XP level 6. HP: 31/39 MP: 6/6
  2642 | D:3      | Noticed Natasha
  2654 | D:3      | Killed Natasha
  2976 | D:3      | Noticed Robin
  3011 | D:3      | Killed Robin
  3275 | D:4      | Reached *** piety under Trog
  3490 | D:4      | Reached XP level 7. HP: 44/44 MP: 7/7
  3511 | D:4      | Slain by an ogre

Illustrated notes

Levels and vault maps discovered:
D:1:      giann_wishing_wells, layout_loops_corners,
          ebering_ecumenical_altar_rust, minivault_23, roderic_lattice_a
D:2:      layout_basic, basic_altar
D:3:      layout_basic, st_stairs_10, uniq_natasha, uniq_robin, uniq_sigmund
D:4:      layout_loops_cross, kennysheep_windowed_goal

Skill      XL: |  1  2  3  4 |
---------------+-------------+-----
Dodging        | 2 |  2.9
Armour         | 3 4 |  4.7
Fighting       | 4 |  4.5
Maces & Flails | 4 |  4.9

Action                   |  1- 3 |  4- 6 |  7- 9 || total
-------------------------+-------+-------+-------++-------
Melee: Mace              |   109 |   167 |     4 ||   280
       Punch             |     1 |     3 |       ||     4
Invok: Berserk           |       |     1 |       ||     1
 Stab: Sleeping          |       |     1 |       ||     1
Armor: Animal skin       |     2 |       |       ||     2
       Leather armour    |    44 |    79 |       ||   123
Dodge: Dodged            |    70 |   126 |     2 ||   198
